 Dungeon Crawl Stone Soup version 0.18.1-6-gd335043 (webtiles) character file.

6 Gorice the Slasher (level 1, -2/16 HPs)
             Began as a Demonspawn Gladiator on May 15, 2016.
             Slain by an ooze (5 damage)
             ... on level 1 of the Dungeon.
             The game lasted 00:00:31 (100 turns).

Gorice the Slasher (Demonspawn Gladiator)            Turns: 100, Time: 00:00:31

Health: -2/16      AC:  5    Str: 15    XL:     1   Next: 75%
Magic:  1/1        EV: 12    Int:  9    God:
Gold:   0          SH:  0    Dex: 13    Spells: 0 memorised, 0 levels left

rFire  . . .     SeeInvis .     a - +0 long sword
rCold  . . .     Gourm    .     b - +0 leather armour
rNeg   . . .     Faith    .     (no shield)
rPois  .         Spirit   .     c - +0 helmet
rElec  .         Dismiss  .     (no cloak)
rCorr  .         Reflect  .     (no gloves)
SustAt .         Harm     .     e - +0 pair of boots
MR     .....                    (no amulet)
Stlth  +.........               (no ring)
                                (no ring)

@: not resistant to hostile enchantments, very unstealthy
A: no striking features
a: no special abilities


You were on level 1 of the Dungeon.
You were not hungry.

You visited 1 branch of the dungeon, and saw 1 of its levels.

Inventory:

Hand Weapons
 a - a +0 long sword (weapon)
Missiles
 Y - 3 throwing nets (quivered)
Armour
 b - a +0 leather armour (worn)
 c - a +0 helmet (worn)
 e - a +0 pair of boots (worn)
Scrolls
 d - a scroll of identify {unknown}
Comestibles
 f - a bread ration {!e}


   Skills:
 - Level 2.0 Fighting
 * Level 3.0 Long Blades
 + Level 1.9 Throwing
 - Level 2.6 Dodging


You couldn't memorise any spells.
You didn't know any spells.

Dungeon Overview and Level Annotations

Branches:
Dungeon (1/15)

Altars:


Message History

The giant gecko barely misses you. The giant gecko bites you.
The ooze hits you.
Damage: 2 (max 2)
You miss the giant gecko.
The giant gecko is lightly wounded.
The giant gecko bites you but does no damage.
The ooze completely misses you.
You closely miss the giant gecko.
The giant gecko is lightly wounded.
The giant gecko bites you but does no damage.
The ooze hits you. The giant gecko bites you.
* * * LOW HITPOINT WARNING * * *
Damage: 6 (max 6)
You closely miss the giant gecko.
The giant gecko is lightly wounded.
The giant gecko barely misses you. The ooze closely misses you.
You hit the giant gecko.
The giant gecko is severely wounded.
The giant gecko closely misses you. The ooze hits you.
* * * LOW HITPOINT WARNING * * *
The giant gecko misses you. The ooze barely misses you.
Damage: 5 (max 6)
You are too injured to fight recklessly!
You are too injured to fight recklessly!
Unknown command.
The giant gecko closely misses you. The giant gecko barely misses you.
The giant gecko closely misses you.
You miss the giant gecko.
The giant gecko is heavily wounded.
The giant gecko misses you.
You barely miss the giant gecko.
The giant gecko is heavily wounded.
The giant gecko bites you but does no damage.
The giant gecko closely misses you.
You hit the giant gecko but do no damage.
The giant gecko is heavily wounded.
The giant gecko bites you but does no damage.
You miss the giant gecko.
The giant gecko is heavily wounded.
The giant gecko bites you but does no damage.
The giant gecko closely misses you.
You barely miss the giant gecko.
The giant gecko is heavily wounded.
The giant gecko misses you.
You hit the giant gecko.
You kill the giant gecko!
Your Long Blades skill increases to level 3!
The ooze hits you.
You die...

≈≈.≈≈####.......#
≈...≈≈≈≈##..###.##
.....≈≈≈##..###..#
....######...###.##
.......≈##.#.# #..#
.≈≈≈....≈#.#.# ##.#########
≈...≈...##.#.# #.[#.......
≈.<.≈...##.#.#####.#.......
≈...≈....#.#..#.@J........#
.≈≈≈....≈#......###........
.......≈≈#..#...# #.......#
......≈≈≈#.##...###J#####..
.....≈≈≈##. #...##..## #
≈...≈≈≈≈##. #........#
..... ≈≈.≈≈####.
.......##.## ....
......###..# ... .......
##.# ..


You could see an ooze.

Vanquished Creatures
  A giant gecko (D:1)
  A bat (D:1)
  A hobgoblin (D:1)
  A kobold (D:1)
4 creatures vanquished.

Notes
Turn   | Place    | Note
--------------------------------------------------------------
     0 | D:1      | Gorice the Demonspawn Gladiator began the quest for the Orb.
     0 | D:1      | Reached XP level 1. HP: 16/16 MP: 1/1
    78 | D:1      | HP: 2/16 [ooze (5)]
   100 | D:1      | Reached skill level 3 in Long Blades
   100 | D:1      | Slain by an ooze

Skill      XL: |  1 |
---------------+----+-----
Long Blades    | 3 |  3.0
Fighting       | |  2.0
Throwing       | |  1.9
Dodging        | |  2.6

Action                   || total
-------------------------++-------
Melee: Long sword        ||    19
Armor: Leather armour    ||     8
Dodge: Dodged            ||    18

Table legend:
 A = Turns spent in this place as a percentage of turns spent in the entire game.
 B = Non-inter-level travel turns spent in this place as a percentage of non-inter-level travel turns spent in the entire game.
 C = Inter-level travel turns spent in this place as a percentage of turns spent in this place.
 D = Turns resting spent in this place as a percentage of non-inter-level travel turns spent in this place.
 E = Turns spent auto-exploring this place as a percentage of non-inter-level travel turns spent in this place.
 F = Non-inter-level travel turns spent in this place divided by the number of levels of this place that you've seen.
                   A       B       C       D       E      F
               +-------+-------+-------+-------+-------+----------------------
         Total | 100.0 | 100.0 |   0.0 |   0.0 |   3.0 |  67.0
       Dungeon | 100.0 | 100.0 |   0.0 |   0.0 |   3.0 |  67.0
               +-------+-------+-------+-------+-------+----------------------

Vault maps used:
D:1:      enne_arrival_octagon_isle, serial_glass, glass_columns_b,
          glass_columns_c, glass_columns_a, glass_columns_a, glass_columns_c,
          glass_columns_a, glass_columns_a, glass_columns_a, glass_columns_a,
          glass_columns_b, cheibriados_altar_1
